 Dungeon Crawl Stone Soup version 0.22.1-2-g9c5b331 (webtiles) character file.

338 Lilu the Conjurer (level 6, -10/32 HPs)
             Began as a Deep Elf Conjurer on Nov 15, 2018.
             Killed from afar by Ijyb (19 damage)
             ... with a wand of acid (2)
             ... on level 5 of the Dungeon.
             The game lasted 00:10:40 (4159 turns).

Lilu the Conjurer (Deep Elf Conjurer)               Turns: 4159, Time: 00:10:41

Health: -10/32     AC:  2    Str:  5    XL:     6   Next: 29%
Magic:  9/16       EV: 12    Int: 22    God:
Gold:   183        SH:  4    Dex: 15    Spells: 12/15 levels left

rFire    x . .     SeeInvis .   r - +4 falchion (slice)
rCold    + . .     Gourm    .   o - +0 buckler
rNeg     . . .     Faith    +   a - +0 robe
rPois    .         Spirit   .   (no helmet)
rElec    .         Reflect  .   (no cloak)
rCorr    .         Harm     .   (no gloves)
MR       +....                  (no boots)
Stlth    ++........             n - amulet of faith
HPRegen  0.10/turn              h - ring of protection from magic
MPRegen  0.15/turn              w - ring of ice

@: no status effects
A: no striking features
a: no special abilities


You were on level 5 of the Dungeon.
You were not hungry.

You visited 1 branch of the dungeon, and saw 5 of its levels.

You collected 183 gold pieces.

Inventory:

Hand Weapons
 r - a +4 falchion of slicing (weapon)
Missiles
 b - 3 javelins (quivered)
Armour
 a - a +0 robe (worn)
 o - a +0 buckler (worn)
 v - a +0 leather armour
 x - a +0 shield
Jewellery
 h - a ring of protection from magic (left hand)
 n - an amulet of faith (around neck)
 w - a ring of ice (right hand)
Wands
 q - a wand of paralysis (13)
Scrolls
 d - 3 scrolls of remove curse {unknown}
 f - 7 scrolls of identify {unknown}
 g - a scroll of blinking {unknown}
 m - a scroll of amnesia {unknown}
 p - 2 scrolls of enchant armour {unknown}
 s - 3 scrolls of immolation {unknown}
 y - 2 scrolls of noise {unknown}
Potions
 e - a potion of degeneration {unknown}
 i - a potion of resistance {unknown}
 j - 5 potions of curing
 k - a potion of agility {unknown}
 l - 2 potions of heal wounds {unknown}
 t - a potion of mutation {unknown}
 u - a potion of flight {unknown}
Comestibles
 c - 7 rations


   Skills:
 - Level 2.4 Dodging
 - Level 2.4 Stealth
 + Level 1.4 Shields
 + Level 5.3 Spellcasting
 * Level 7.1 Conjurations


You had 12 spell levels left.
You knew the following spells:

 Your Spells              Type           Power        Failure   Level  Hunger
a - Magic Dart            Conj           ####         1%          1    None
b - Searing Ray           Conj           #####.       1%          2    None

Your spell library contained the following spells:

 Spells                   Type           Power        Failure   Level  Hunger
 Iskenderun's Mystic Bla  Conj           #####...     7%          4    ####...
 Dazzling Spray           Conj/Hex       ###...       10%         3    ##.....
 Force Lance              Conj/Tloc      ###.....     30%         4    ####...
 Fulminant Prism          Conj/Hex       ###.......   30%         4    ####...


Dungeon Overview and Level Annotations

Branches:
Dungeon (5/15)
 Temple: D:4-7

Altars:
Ashenzari
Ru
Trog

Annotations:
D:4 1 runed door, Kay's ghost, amateur DsMo
D:5 3 runed doors, Ijyb; MordorOrchid's ghost, novice FoFi


Message History

The quokka barely misses you.
You riposte.
You closely miss the quokka. Ijyb closely misses you.
You riposte.
You barely miss Ijyb.
Ijyb is heavily wounded.
The searing ray misses Ijyb.
You finish channeling your searing ray.
The quokka bites you but does no damage.
Ijyb zaps a wand.
The bolt of acid hits you!
You are splashed with acid!
The acid burns!
* * * LOW HITPOINT WARNING * * *
It is a wand of acid (2).
Casting: Searing Ray (safe; 1% risk of failure)
Confirm with . or Enter, or press ? or * to list all spells.
Aiming: Searing Ray (safe; 1% risk of failure)
Press: ? - help, Shift-Dir - straight line, f/p - Ijyb
Aim: Ijyb, wearing a chain mail and carrying a wand of acid (2) (heavily The searing ray hits Ijyb.
Ijyb is heavily wounded. (Press . to maintain the ray.)
The quokka barely misses you.
Ijyb zaps a wand.
The bolt of acid hits you!
Ouch! That really hurt!
You die...

###### #....#
##..%.#### ##.....#..#
########...@r....#.
.........#g...##...
..................#
........#####..###...
[..$....##....## .#
...........##.# #
..........####.###....
........#...........#
.....>..#.###+++###.#


You could see Ijyb and a quokka.

Vanquished Creatures
  A hound (D:4)
  An orc priest (D:4)
  A bullfrog skeleton (D:5)
  3 worker ants (D:4)
  A hound zombie (D:5)
  8 adders
  An ooze (D:1)
  An adder skeleton (D:4)
  2 worms
  3 dart slugs
  A leopard gecko (D:3)
  4 orcs
  3 ball pythons
  3 giant cockroaches
  5 hobgoblins
  4 jackals (D:3)
  3 quokkas
  10 bats
  4 frilled lizards
  4 goblins
  7 kobolds
  A quokka zombie (D:5)
  11 rats
82 creatures vanquished.

Notes
Turn   | Place    | Note
-------+----------+-------------------------------------------
     0 | D:1      | Lilu the Deep Elf Conjurer began the quest for the Orb.
     0 | D:1      | Reached XP level 1. HP: 10/10 MP: 6/6
   204 | D:1      | Reached XP level 2. HP: 15/15 MP: 4/8
   571 | D:1      | Reached skill level 5 in Conjurations
   843 | D:1      | Reached XP level 3. HP: 19/19 MP: 5/10
  1138 | D:2      | Learned a level 2 spell: Searing Ray
  1467 | D:2      | Reached XP level 4. HP: 22/24 MP: 8/12
  1651 | D:2      | Found a shattered altar of Ashenzari.
  1688 | D:2      | Reached skill level 6 in Conjurations
  1882 | D:2      | Found a sacrificial altar of Ru.
  2913 | D:4      | Reached XP level 5. HP: 27/28 MP: 10/14
  2980 | D:4      | Noticed Kay's ghost (amateur DsMo)
  2981 | D:4      | Found a runed door.
  3254 | D:4      | Reached skill level 1 in Shields
  3254 | D:4      | Reached skill level 5 in Spellcasting
  3480 | D:4      | Reached XP level 6. HP: 32/32 MP: 12/15
  3635 | D:4      | Found a bloodstained altar of Trog.
  3917 | D:5      | Entered Level 5 of the Dungeon
  3922 | D:5      | Reached skill level 7 in Conjurations
  4130 | D:5      | Found a runed gate.
  4130 | D:5      | Found a runed gate.
  4132 | D:5      | Found a runed gate.
  4138 | D:5      | Noticed MordorOrchid's ghost (novice FoFi)
  4151 | D:5      | Noticed Ijyb
  4159 | D:5      | Killed from afar by Ijyb

Skill      XL: |  1  2  3  4  5  6 |
---------------+-------------------+-----
Conjurations   | 5 6 7 |  7.1
Spellcasting   | 4 5 |  5.3
Shields        | 1 |  1.4
Dodging        | |  2.4
Stealth        | |  2.4

Action                   |  1- 3 |  4- 6 || total
-------------------------+-------+-------++-------
Melee: Falchion          |       |     1 ||     1
 Cast: Magic Dart        |    71 |    44 ||   115
       Searing Ray       |     5 |    17 ||    22
  Use: Potion            |     1 |       ||     1
 Stab: Sleeping          |       |     1 ||     1
  Eat: Chunk             |     2 |     6 ||     8
       Ration            |       |     1 ||     1
Armor: Robe              |     5 |     1 ||     6
Dodge: Dodged            |    18 |    10 ||    28
Block: Buckler           |       |     3 ||     3
       Rpst.: Falchion   |       |     2 ||     2
